 Dungeon Crawl Stone Soup version 0.26-a0-64-g059e62f (webtiles) character file.

Game seed: 9801288339352546920

73 Faca the Skirmisher (level 4, -3/37 HPs)
             Began as a Human Fighter on June 10, 2020.
             Slain by Crazy Yiuf
             ... wielding a +4 quarterstaff of chaos
              (7 damage)
             ... on level 2 of the Dungeon.
             The game lasted 00:02:59 (2041 turns).

Faca the Skirmisher (Human Fighter)                 Turns: 2041, Time: 00:02:59

Health: -3/37      AC:  9    Str: 17    XL:     4   Next: 51%
Magic:  4/4        EV:  6    Int:  8    God:
Gold:   101        SH:  6    Dex: 13    Spells: 3/3 levels left

rFire    + . .     SeeInvis .   a - +0 flail
rCold    . . .     Gourm    .   e - +2 buckler {rF+}
rNeg     . . .     Faith    .   o - +0 chain mail
rPois    .         Spirit   .   (no helmet)
rElec    .         Reflect  .   (no cloak)
rCorr    +         Harm     .   (no gloves)
MR       .....                  (no boots)
Stlth    ..........             (no amulet)
HPRegen  0.12/turn              p - ring of resist corrosion
MPRegen  0.09/turn              (no ring)

@: mighty
A: no striking features
a: no special abilities


You were on level 2 of the Dungeon.
You were not hungry.

You visited 1 branch of the dungeon, and saw 2 of its levels.

You collected 101 gold pieces.

Inventory:

Hand Weapons
 a - a +0 flail (weapon)
Missiles
 m - 3 boomerangs (quivered)
Armour
 c - a +0 kite shield
 e - a +2 buckler of fire resistance (worn)
 o - a +0 chain mail (worn)
Jewellery
 p - a ring of resist corrosion (left hand)
Wands
 g - a wand of disintegration (8)
Scrolls
 h - a scroll of remove curse
 j - a scroll of immolation
 n - 2 scrolls of identify {unknown}
 q - a scroll of magic mapping {unknown}
Potions
 b - a potion of stabbing {unknown}
 d - 2 potions of might
 i - 2 potions of curing {unknown}
 k - 2 potions of berserk rage {unknown}
 l - 2 potions of mutation {unknown}
Comestibles
 f - 7 rations
 r - a chunk of flesh


   Skills:
 + Level 4.1 Fighting
 + Level 3.4 Maces & Flails
 - Level 3.0 Armour
 - Level 3.0 Shields


You had 3 spell levels left.
You didn't know any spells.
Your spell library was empty.

Dungeon Overview and Level Annotations

Branches:
Dungeon (2/15)

Altars:

Annotations:
D:2 Crazy Yiuf


Message History

You hit Crazy Yiuf but do no damage. You block Crazy Yiuf's attack.
You hit Crazy Yiuf.
Crazy Yiuf is lightly wounded.
Crazy Yiuf whimpers, "Ghoul return to song cower!"
Crazy Yiuf hits you with a +4 quarterstaff of chaos!
* * * LOW HITPOINT WARNING * * *
Crazy Yiuf draws strength from your wounds!
You hit Crazy Yiuf but do no damage.
Crazy Yiuf hits you with a +4 quarterstaff of chaos.
* * * LOW HITPOINT WARNING * * *
You feel very mighty all of a sudden. You block Crazy Yiuf's attack.
Okay, then.
You sock Crazy Yiuf!
Crazy Yiuf is almost dead.
Crazy Yiuf barely misses you.
You closely miss Crazy Yiuf.
Crazy Yiuf is almost dead.
Crazy Yiuf hits you with a +4 quarterstaff of chaos!
You die...

#.# #.# #.# #.#
#.# #.# #.# #.#
#.# #.# ### #.#
#.# #.#
##.##♣♣♣♣♣ #.#
#..+.P.♣.♣♣♣ ###
#.#
#.....P.♣..♣#...#
#.#
#....P♣♣♣♣♣@g...#
####.## ##.+.P♣
♣♣#..)# #.....#
####♣♣ ###
####..# ####..#
#.....#
#####.#### #.....
######


You could see Crazy Yiuf.

Vanquished Creatures
  An adder (D:2)
  6 leopard geckos
  6 bats
  2 giant cockroaches
  5 goblins
  10 hobgoblins
  4 jackals (D:2)
  12 frilled lizards
  6 kobolds
  5 rats
  A fungus (D:2)
58 creatures vanquished.

Notes
Turn   | Place    | Note
-------+----------+-------------------------------------------
     0 | D:1      | Faca the Human Fighter began the quest for the Orb.
     0 | D:1      | Reached XP level 1. HP: 18/18 MP: 1/1
    78 | D:1      | Reached XP level 2. HP: 7/24 MP: 2/2
   456 | D:1      | Reached XP level 3. HP: 19/29 MP: 3/3
  1184 | D:2      | Reached XP level 4. HP: 33/37 MP: 4/4
  1479 | D:2      | Reached skill level 4 in Fighting
  1706 | D:2      | Noticed a centaur
  2029 | D:2      | Found a runed translucent door.
  2030 | D:2      | Noticed Crazy Yiuf
  2041 | D:2      | Slain by Crazy Yiuf

Illustrated notes

Levels and vault maps discovered:
D:1:      scummos_arrival_hexagon, layout_loops_ring, st_stairs_5,
          minmay_lizard_king
D:2:      layout_loops_ring, lightli_corner_chamber, uniq_crazy_yiuf_cottage

Skill      XL: |  1  2  3  4 |
---------------+-------------+-----
Maces & Flails | 3 |  3.4
Fighting       | 4 |  4.1
Armour         | |  3.0
Shields        | |  3.0

Action                   |  1- 3 |  4- 6 || total
-------------------------+-------+-------++-------
Melee: Flail             |   159 |    69 ||   228
  Use: Scroll            |     2 |       ||     2
  Eat: Chunk             |     1 |     3 ||     4
Armor: Scale mail        |    58 |    10 ||    68
       Chain mail        |       |    19 ||    19
Dodge: Dodged            |    91 |    26 ||   117
Block: Buckler           |    47 |    26 ||    73

Table legend:
 A = Non-vault XP
 B = Vault XP
 C = Vault XP percentage of total XP
 D = Non-vault monster count
 E = Vault monster count
 F = Vault count percentage of total count
                 A         B        C        D         E       F
            +---------+---------+-------+---------+---------+-------
      Total |      85 |      20 |  19.0 |      42 |      15 |  26.3
            +---------+---------+-------+---------+---------+-------
        D:1 |      41 |      20 |  32.8 |      23 |      15 |  39.5
        D:2 |      44 |       0 |   0.0 |      19 |       0 |   0.0
            +---------+---------+-------+---------+---------+-------
